 Dungeon Crawl Stone Soup version 0.28.0-53-g5a82cb258f (webtiles) character file.

Game seed: 18265989613299182564

18010 MiltankisOP the Severer (level 12, -1/169 HPs)
             Began as a Hill Orc Fighter on July 12, 2022.
             Was a Believer of Ashenzari.
             Slain by an Executioner (6 damage)
             ... on level 2 of the Abyss.
             The game lasted 00:17:28 (9821 turns).

MiltankisOP the Severer (Hill Orc Fighter)          Turns: 9821, Time: 00:17:28

Health: -1/169     AC: 18    Str: 24    XL:     12   Next: 54%
Magic:  12/12      EV:  9    Int:  8    God:    Ashenzari [**....]
Gold:   336        SH: 10    Dex: 10    Spells: 11/11 levels left

rFire   . . .      SeeInvis +   G - +3 war axe (elec)
rCold   . . .      Faith    .   c - +0 buckler
rNeg    . . .      Spirit   .   y - +0 plate armour of Curses and Power {Bglg, Alch} (curse)
rPois   .          Reflect  +   t - +2 hat
rElec   .          Harm     .   l - scarf {repulsion}
rCorr   .          Rampage  .   F - +0 pair of gloves of Supernal Knowledge {Self, Bglg} (curse)
Will    .....                   f - +0 pair of boots "Restrained Doubts" {Evo, Alch} (curse)
Stlth   ..........              u - amulet of reflection
HPRegen 0.38/turn               s - ring "Portent of Ashenzari" {Fly, Evo, Bglg} (curse)
MPRegen 0.13/turn               (no ring)

@: berserking, flying, repel missiles, very quick
A: no striking features
a: Renounce Religion, Shatter the Chains


You were on level 2 of the Abyss.
You worshipped Ashenzari.
Ashenzari was pleased with you.
You visited 2 branches of the dungeon, and saw 10 of its levels.
You visited the Abyss 1 time.
You also visited: Sewer.

You collected 336 gold pieces.

Inventory:

Hand Weapons
 a - a +0 vorpal war axe
 G - a +3 war axe of electrocution (weapon)
Missiles
 d - 6 boomerangs (quivered)
Armour
 b - a +0 scale mail
 c - a +0 buckler (worn)
 f - the cursed +0 pair of boots "Restrained Doubts" (worn) {Evo, Alch}
   (You found it on level 1 of the Dungeon)

   It has a curse which improves the following skills: Evocations: Evocations.
   Alchemy:   Poison Magic and Transmutations.
 l - a scarf of repulsion (worn)
 t - a +2 hat (worn)
 y - the cursed +0 plate armour of Curses and Power (worn) {Bglg, Alch}
   (You found it on level 6 of the Dungeon)

   It has a curse which improves the following skills: Beguiling: Conjurations,
   Hexes and Translocations.
   Alchemy:   Poison Magic and Transmutations.
 F - the cursed +0 pair of gloves of Supernal Knowledge (worn) {Self, Bglg}
   (You found it on level 8 of the Dungeon)

   It has a curse which improves the following skills: Introspection: Fighting
   and Spellcasting.
   Beguiling: Conjurations, Hexes and Translocations.
Jewellery
 r - an amulet of magic regeneration
 s - the cursed ring "Portent of Ashenzari" (left hand) {Fly, Evo, Bglg}
   (You found it on level 5 of the Dungeon)

   [ring of flight]

   Fly:       It grants you flight.
   It has a curse which improves the following skills: Evocations: Evocations.
   Beguiling: Conjurations, Hexes and Translocations.
 u - an amulet of reflection (around neck)
 w - an amulet of guardian spirit
Wands
 D - a wand of acid (4)
Scrolls
 g - 12 scrolls of identify
 i - 3 scrolls of teleportation
 j - a scroll of fog
 m - 3 scrolls of immolation
 n - 2 scrolls of torment
 o - 3 scrolls of summoning
 p - 5 scrolls of vulnerability
 q - 2 scrolls of fear
Potions
 e - 2 potions of curing
 h - a potion of degeneration
 k - a potion of brilliance
 v - a potion of magic
 z - 2 potions of heal wounds
 A - 2 potions of flight
 B - a potion of haste
 C - 2 potions of invisibility
 E - 3 potions of might


   Skills:
 - Level 11.2(12.4) Fighting
 - Level 16.1 Axes
 - Level 5.5 Throwing
 - Level 8.9 Armour
 + Level 7.3 Dodging
 - Level 5.6 Shields


You had 11 spell levels left.
You didn't know any spells.
Your spell library contained the following spells:

 Spells                   Type           Power      Damage    Failure   Level
 Beastly Appendage        Tmut           0%         N/A       99%         1
 Sting                    Tmut/Pois      0%         1d3       99%         1
 Animate Skeleton         Necr           0%         N/A       100%        1
 Pain                     Necr           0%         1d4       100%        1
 Poisonous Vapours        Pois/Air       0%         N/A       100%        2
 Wereblood                Tmut           0%         N/A       100%        2
 Spider Form              Tmut/Pois      0%         N/A       100%        3
 Vampiric Draining        Necr           0%         2d6       100%        3
 Olgreb's Toxic Radiance  Pois           0%         N/A       100%        4


Dungeon Overview and Level Annotations

Branches:
Dungeon (9/15)             Temple (1/1) D:5             Orc (0/2) D:9
  Sewer (visited)
   Lair: D:8-11

Altars:
Ashenzari
Cheibriados
Dithmenos
Elyvilon
Fedhas
Gozag
Hepliaklqana
Kikubaaqudgha
Makhleb
Nemelex Xobeh
Okawaru
Qazlal
Ru
Sif Muna
Trog
Uskayaw
Vehumet
Wu Jian
Xom
Yredelemnul
Zin
The Shining One

Shops:
D:1 [   D:3 (   D:6 (   D:9 !

Annotations:
D:6 1 runed translucent door, Sin92's ghost, novice DsFi
D:9 Erolcha


Message History

The Executioner closely misses you.
The Executioner hits you but does no damage. x3
The Executioner barely misses you.
The Executioner hits you but does no damage.
The Executioner barely misses you.
A red film seems to cover your vision as you go berserk!
You feel yourself moving faster!
You feel mighty!
The Executioner hits you but does no damage.
The Executioner hits you.
* * * LOW HITPOINT WARNING * * *
The Executioner closely misses you.
The Executioner hits you but does no damage.
The Executioner barely misses you. You block the Executioner's attack.
The Executioner hits you but does no damage.
The Executioner hits you.
* * * LOW HITPOINT WARNING * * *
The Executioner hits you.
* * * LOW HITPOINT WARNING * * *
You barely miss the Executioner. You block the Executioner's attack.
The Executioner hits you but does no damage.
The Executioner hits you.
* * * LOW HITPOINT WARNING * * *
The Executioner hits you but does no damage.
You block the Executioner's attack. x2
You slash the Executioner!
The Executioner is lightly wounded.
The Executioner hits you!
* * * LOW HITPOINT WARNING * * *
The Executioner closely misses you. You block the Executioner's attack.
You slash the Executioner!
The Executioner is moderately wounded.
The Executioner hits you!
* * * LOW HITPOINT WARNING * * *
You block the Executioner's attack.
The Executioner hits you but does no damage. x2
You block the Executioner's attack. x2
You miss the Executioner.
The Executioner is moderately wounded.
You block the Executioner's attack. The Executioner hits you.
You die...

,,,##......###,#...
*,,##...#.#.##..###
, *.#. #.#.#. #.#..
* ,.. _#.X #.# ...#
,* ,
#.###....{.....#* ,
#.#..#.{#{ ... , *
* * . >#
###.#.#.###.#* # ,
#.#...X#.#.#...# *
, # ##.##1@...# ,*
, #. ###.###* * * #
#,*,#.. , , ,, #..#
* , ,, * #..# , , ,
,* * .## * * ,* * .
, , , * # * *, , ,


You could see an Executioner (fast) and a large abomination.

Vanquished Creatures
  Gastronok (D:9)
  Pikel (D:6)
  Maggie (D:7)
  A hornet (D:9)
  Grinder (D:3)
  12 yaks
  Eustachio (D:6)
  A steam dragon (D:8)
  A water moccasin (D:7)
  4 orc warriors
  A hornet zombie (D:8)
  A black bear (D:7)
  An ice beast (D:7)
  3 sky beasts
  2 centaurs
  A phantom (D:6)
  7 kobold brigands
  Blork the orc (D:4)
  4 bullfrogs
  A scorpion (D:4)
  A small abomination (Abyss:2)
  A wyvern skeleton (D:5)
  10 killer bees
  A water moccasin skeleton (D:6)
  A howler monkey (D:6)
  A centaur zombie (D:9)
  A jelly (D:4)
  3 hounds
  A centaur skeleton (D:5)
  8 orc priests
  3 iguanas
  6 orc wizards
  A hound skeleton (D:4)
  A mummy (D:6)
  5 adders
  3 gnolls (D:4)
  A howler monkey skeleton (D:6)
  4 river rats
  A shadow imp (D:6)
  An ufetubus (D:7)
  A worm (D:6)
  4 dart slugs
  25 orcs
  10 endoplasms
  4 giant cockroaches
  5 goblins
  4 hobgoblins
  3 quokkas
  10 ball pythons
  9 bats
  3 frilled lizards
  17 kobolds
  10 rats
205 creatures vanquished.

Vanquished Creatures (others)
  2 fungi (D:3)
2 creatures vanquished.

Grand Total: 207 creatures vanquished

Notes
Turn   | Place    | Note
-------+----------+-------------------------------------------
     0 | D:1      | MiltankisOP the Hill Orc Fighter began the quest for the
                  | Orb.
     0 | D:1      | Reached XP level 1. HP: 19/19 MP: 1/1
    48 | D:1      | Reached skill level 3 in Axes
    88 | D:1      | Found Ynaide's Armour Shop.
   156 | D:1      | Reached XP level 2. HP: 22/27 MP: 2/2
   269 | D:1      | Reached skill level 4 in Axes
   447 | D:1      | Reached XP level 3. HP: 25/33 MP: 3/3
   964 | D:2      | Reached skill level 5 in Axes
  1297 | D:2      | Reached XP level 4. HP: 35/40 MP: 4/4
  1739 | D:3      | Found a faded altar of an unknown god.
  1787 | D:3      | Noticed Grinder
  1798 | D:3      | Paralysed by Grinder for 6 turns
  1805 | D:3      | Killed Grinder
  1806 | D:3      | Reached skill level 8 in Axes
  1806 | D:3      | Reached XP level 5. HP: 23/46 MP: 5/5
  1806 | D:3      | Reached XP level 6. HP: 26/52 MP: 6/6
  2059 | D:3      | Found Guziothra's Weapon Shoppe.
  2431 | D:4      | Reached skill level 9 in Axes
  2435 | D:4      | You fall into a shaft and drop 1 floor!
  2435 | D:5      | Entered Level 5 of the Dungeon
  2685 | D:5      | Found a glowing silver altar of Zin.
  2693 | D:5      | Reached XP level 7. HP: 50/58 MP: 7/7
  2831 | D:5      | Reached skill level 10 in Axes
  3110 | D:5      | Found a staircase to the Ecumenical Temple.
  3119 | Temple   | Entered the Ecumenical Temple
  3542 | Temple   | Became a worshipper of Ashenzari the Shackled
  3737 | D:4      | Noticed Blork the orc
  3741 | D:4      | Killed Blork the orc
  3742 | D:4      | Reached skill level 11 in Axes
  4310 | D:5      | Found a basalt altar of Yredelemnul.
  4310 | D:5      | Noticed a yak
  4326 | D:5      | Killed a yak
  4327 | D:5      | Reached skill level 12 in Axes
  4327 | D:5      | Reached XP level 8. HP: 53/66 MP: 8/8
  4709 | D:6      | Found Tielear's Antique Weapon Shoppe.
  4747 | D:6      | Found a glowing drain.
  4788 | Sewer    | Entered a sewer
  4990 | Sewer    | Reached skill level 5 in Fighting
  5038 | Sewer    | Found a white marble altar of Elyvilon.
  5094 | D:6      | Noticed Eustachio
  5111 | D:6      | Killed Eustachio
  5112 | D:6      | Reached skill level 13 in Axes
  5370 | D:6      | Noticed Pikel
  5411 | D:6      | Killed Pikel
  5412 | D:6      | Reached XP level 9. HP: 32/79 MP: 9/9
  5622 | D:6      | Reached * piety under Ashenzari
  5873 | D:6      | Reached skill level 14 in Axes
  6043 | D:6      | Found a runed translucent door.
  6045 | D:6      | Noticed Sin92's ghost (novice DsFi)
  6489 | D:7      | Identified the +3 dagger of Kacoug {flame, Will+ MP+9
                  | Stlth+}
  7098 | D:7      | Noticed Maggie
  7115 | D:7      | Killed Maggie
  7116 | D:7      | Reached skill level 15 in Axes
  7116 | D:7      | Reached XP level 10. HP: 48/91 MP: 10/10
  7472 | D:7      | Reached ** piety under Ashenzari
  7825 | D:7      | Reached skill level 16 in Axes
  7825 | D:7      | Reached skill level 5 in Armour
  7825 | D:7      | Reached skill level 5 in Shields
  7825 | D:7      | Reached XP level 11. HP: 102/102 MP: 11/11
  7826 | D:7      | Reached skill level 5 in Throwing
  7826 | D:7      | Reached XP level 12. HP: 110/110 MP: 12/12
  8060 | D:8      | Reached skill level 5 in Dodging
  8966 | D:8      | Found a glowing silver altar of Zin.
  9499 | D:9      | Noticed Gastronok
  9518 | D:9      | Killed Gastronok
  9666 | D:9      | Found Kepuw's Distillery.
  9718 | D:9      | Found a staircase to the Orcish Mines.
  9721 | D:9      | Noticed Erolcha
  9727 | D:9      | Cast into level 2 of the Abyss (Erolcha)
  9779 | Abyss:2  | Noticed a brown very ugly thing
  9790 | Abyss:2  | Noticed a starcursed mass
  9804 | Abyss:2  | Noticed an Executioner
  9809 | Abyss:2  | Found a corrupted altar of Lugonu.
  9820 | Abyss:2  | HP: 5/169 [Executioner (11)]
  9821 | Abyss:2  | Slain by an Executioner

Illustrated notes

Levels and vault maps discovered:
D:1:      amcnicky_arrival_double_pillar, layout_basic, serial_shops,
          nicolae_shop_stone, minmay_pentomino_q4
D:2:      layout_rooms, minivault_4
D:3:      layout_rooms, serial_shops, nicolae_shop_bloodbath_and_beyond,
          shapermc_ecumenical_altar_gd, uniq_grinder
D:4:      layout_rooms, uniq_blork_the_orc
D:5:      layout_loops_ring, minmay_temple_entry_antechambers,
          hangedman_feature_mirror, roderic_lattice_a
D:6:      layout_basic, ebering_ghost_reflecting_pool,
          gup_ossuary_entry_pyramid, portal_sewer_entry_c, serial_shops, shop,
          corexii_leaking_fountain, minmay_unpleasant_kobolds, uniq_pikel,
          uniq_eustachio
D:7:      layout_loops_corners, uniq_maggie
D:8:      layout_cave_pools, zin_statuary, minmay_misc_feat_room,
          patterned_corridor
D:9:      layout_rooms, orc_0_dummy, serial_shops, shop, uniq_gastronok,
          uniq_erolcha
Temple:   mainiacjoe_temple_trianglar_array
Abyss:2:  base: Ossuary, evilmike_abyss_exit_7

Skill      XL: |  1  2  3  4  5  6  7  8  9 10 11 12 |
---------------+-------------------------------------+-----
Axes           | 3 4 5 8 9 12 13 15 16 | 16.1
Fighting       | 7 9 11 | 11.2
Armour         | 5 8 |  8.9
Dodging        | 4 7 |  7.3
Shields        | 5 |  5.6
Throwing       | 5 |  5.5

Action                   |  1- 3 |  4- 6 |  7- 9 | 10-12 || total
-------------------------+-------+-------+-------+-------++-------
Melee: War axe           |   108 |    68 |   310 |   300 ||   786
Invok: Curse Item        |       |       |     2 |     2 ||     4
Evoke: Wand              |       |       |       |     2 ||     2
  Use: Potion            |       |     1 |       |     4 ||     5
       Scroll            |       |       |       |     4 ||     4
Armor: Scale mail        |    64 |    30 |    46 |       ||   140
       Plate armour      |       |       |    51 |   116 ||   167
Dodge: Dodged            |    60 |    29 |    69 |    69 ||   227
       Repelled          |       |       |     1 |     2 ||     3
Block: Buckler           |    37 |    15 |   117 |   111 ||   280
       Reflection        |       |       |    10 |       ||    10
